 Dungeon Crawl Stone Soup version 0.20.1-1-g8b1a95d (webtiles) character file.

353 nightbobicus the Skirmisher (level 6, 0/57 HPs)
             Began as a Hill Orc Fighter on Aug 10, 2017.
             Slain by nightbobicus's ghost (3 damage)
             ... on level 5 of the Dungeon.
             The game lasted 00:10:04 (3130 turns).

nightbobicus the Skirmisher (Hill Orc Fighter)      Turns: 3130, Time: 00:10:04

Health: 0/57       AC: 13    Str: 26    XL:     6   Next: 62%
Magic:  6/6        EV:  2    Int:  8    God:
Gold:   206        SH: 10    Dex: 10    Spells: 5/5 levels left

rFire    + . .     SeeInvis .   a - +1 flail
rCold    x . .     Gourm    .   c - +0 shield
rNeg     . . .     Faith    .   B - +0 plate armour
rPois    .         Spirit   .   (no helmet)
rElec    .         Reflect  .   (no cloak)
rCorr    .         Harm     .   s - +0 pair of gloves
MR       .....                  (no boots)
Stlth    ..........             h - amulet of rage
Regen    0.2/turn               e - ring of fire
MPRegen  0.1/turn               l - -3 ring of evasion

@: mighty
A: no striking features
a: Evoke Berserk Rage


You were on level 5 of the Dungeon.
You were not hungry.

You visited 1 branch of the dungeon, and saw 5 of its levels.
You also visited: Sewer.

You collected 206 gold pieces.

Inventory:

Hand Weapons
 a - a +1 flail (weapon)
Missiles
 i - 8 needles of confusion
Armour
 b - a +0 scale mail
 c - a +0 shield (worn)
 r - a +0 chain mail
 s - a +0 pair of gloves (worn)
 B - a +0 plate armour (worn)
 D - a +0 troll leather armour {Purgy}
Jewellery
 e - a ring of fire (left hand)
 h - an amulet of rage (around neck)
 l - a -3 ring of evasion (right hand)
 w - an uncursed ring of resist corrosion
 A - a cursed amulet of magic regeneration
Scrolls
 k - a scroll of enchant weapon
 m - a scroll of recharging
 n - a scroll of teleportation
 t - 2 scrolls of remove curse
 v - a scroll of identify
Potions
 o - 2 potions of flight
 p - a potion of lignification {unknown}
 z - a potion of brilliance {unknown}
 C - a potion of berserk rage {unknown}
Books
 q - a book of Cantrips

   Spells                             Type                      Level
   a - Confusing Touch                Hexes                        1
   b - Animate Skeleton               Necromancy                   1
   c - Summon Small Mammal            Summoning                    1
   d - Apportation                    Translocation                1
Comestibles
 f - 7 bread rations
 g - 2 meat rations
 j - 4 royal jellies
 u - 3 fruits


   Skills:
 + Level 5.7 Fighting
 * Level 3.9 Maces & Flails
 + Level 4.7 Armour
 + Level 4.7 Shields


You had 5 spell levels left.
You didn't know any spells.

Dungeon Overview and Level Annotations

Branches:
Dungeon (5/15)             Temple (0/1) D:4

Altars:
Dithmenos
Elyvilon
Nemelex Xobeh
The Shining One

Shops:
D:4 }

Annotations:
D:5 nightbobicus's ghost, novice HOFi


Message History

Nightbobicus's ghost is lightly damaged.
You feel sick. Nightbobicus's ghost hits you.
* * * LOW HITPOINT WARNING * * *
You hit nightbobicus's ghost.
Nightbobicus's ghost is lightly damaged.
You block nightbobicus's ghost's attack.
You feel better.
Nightbobicus's ghost hits you but does no damage.
You feel very mighty all of a sudden.
You block nightbobicus's ghost's attack.
You completely miss nightbobicus's ghost.
Nightbobicus's ghost is lightly damaged.
Nightbobicus's ghost hits you.
* * * LOW HITPOINT WARNING * * *
Nightbobicus's ghost hits you!
* * * LOW HITPOINT WARNING * * *
You sock nightbobicus's ghost!
Nightbobicus's ghost is moderately damaged.
Nightbobicus's ghost hits you.
You die...

..##.. ._.#.. ...
..##..# ...# ##...# #
....# ....#######.#
.....###. #.........##
.......<# #...........
........# #..W@.......
........###...........
######................
......................
#######..#.....#######
#....#.###.# #.#..#.#
#.# ###.#..#.###.##
#.............#


You could see nightbobicus's ghost.

Vanquished Creatures
  Purgy (Sewer)
  A bullfrog zombie (D:4)
  A bullfrog skeleton (D:5)
  2 worker ants
  3 adders
  A gnoll (D:1)
  2 oozes (D:3)
  2 worms
  A dart slug (D:2)
  4 leopard geckos
  2 orcs
  15 bats
  A giant cockroach (D:3)
  6 goblins
  9 hobgoblins
  10 jackals
  3 quokkas
  7 frilled lizards
  9 kobolds
  22 rats
102 creatures vanquished.

Vanquished Creatures (others)
  4 toadstools (D:1)
4 creatures vanquished.

Grand Total: 106 creatures vanquished

Notes
Turn   | Place    | Note
-------+----------+-------------------------------------------
     0 | D:1      | nightbobicus the Hill Orc Fighter began the quest for the Orb.
     0 | D:1      | Reached XP level 1. HP: 19/19 MP: 1/1
    35 | D:1      | Reached XP level 2. HP: 7/27 MP: 2/2
    81 | D:1      | Reached skill level 4 in Fighting
   509 | D:1      | Reached XP level 3. HP: 32/33 MP: 3/3
  1132 | D:2      | Found a glowing golden altar of the Shining One.
  1304 | D:2      | Found a faded altar of an unknown god.
  1336 | D:2      | Reached XP level 4. HP: 39/41 MP: 4/4
  1346 | D:2      | Found a sparkling altar of Nemelex Xobeh.
  1913 | D:3      | Found a white marble altar of Elyvilon.
  2170 | D:3      | Reached XP level 5. HP: 47/47 MP: 5/5
  2436 | D:4      | Found a staircase to the Ecumenical Temple.
  2447 | D:4      | Reached skill level 5 in Fighting
  2608 | D:4      | Found Pofochan's Gadget Shoppe.
  2813 | D:4      | Found a glowing drain.
  2838 | Sewer    | Entered a sewer
  2933 | Sewer    | Noticed Purgy
  2955 | Sewer    | Killed Purgy
  2955 | Sewer    | Reached XP level 6. HP: 35/56 MP: 6/6
  3089 | D:5      | Entered Level 5 of the Dungeon
  3106 | D:5      | Noticed nightbobicus's ghost (novice HOFi)
  3113 | D:5      | Found a shadowy altar of Dithmenos.
  3130 | D:5      | Slain by nightbobicus's ghost

Skill      XL: |  1  2  3  4  5 |
---------------+----------------+-----
Fighting       | 4 5 |  5.7
Shields        | 4 |  4.7
Armour         | 4 |  4.7
Maces & Flails | 3 |  3.9

Action                   |  1- 3 |  4- 6 || total
-------------------------+-------+-------++-------
Melee: Flail             |   133 |   277 ||   410
  Use: Scroll            |     3 |    10 ||    13
       Potion            |       |     2 ||     2
  Eat: Chunk             |     1 |     7 ||     8
Armor: Scale mail        |    96 |    72 ||   168
       Chain mail        |       |   270 ||   270
       Plate armour      |       |   190 ||   190
Dodge: Dodged            |    74 |    64 ||   138
Block: Shield            |    94 |   338 ||   432
